 Dungeon Crawl Stone Soup version 0.20.1-1-g8b1a95d (webtiles) character file.

29 letownia2 the Grave Robber (level 3, 5/28 HPs)
             Began as a Deep Dwarf Necromancer on Nov 23, 2017.
             Quit the game in a sewer.
             The game lasted 00:02:58 (524 turns).

letownia2 the Grave Robber (Deep Dwarf Necromancer)  Turns: 524, Time: 00:02:58

Health: 5/28       AC:  2    Str: 11    XL:     3   Next: 1%
Magic:  0/6        EV: 12    Int: 16    God:
Gold:   18         SH:  0    Dex: 13    Spells: 3/7 levels left

rFire    . . .     SeeInvis .   (no weapon)
rCold    . . .     Gourm    .   (no shield)
rNeg     . . .     Faith    .   a - +0 robe
rPois    .         Spirit   .   (no helmet)
rElec    .         Reflect  .   (no cloak)
rCorr    .         Harm     .   (no gloves)
MR       .....                  (no boots)
Stlth    ++........             (no amulet)
Regen    0.0/turn               (no ring)
MPRegen  0.1/turn               (no ring)

@: non-regenerating
A: damage resistance, heal wounds, sense surroundings 1, no regeneration
a: Heal Wounds


You were in a sewer.
You were not hungry.

You visited 1 branch of the dungeon, and saw 3 of its levels.
You also visited: Sewer.

You collected 18 gold pieces.

Inventory:

Hand Weapons
 i - a +1 hunting sling of flaming
Missiles
 j - 8 javelins (quivered)
Armour
 a - a +0 robe (worn)
 h - a +0 scale mail
Scrolls
 e - a scroll of enchant weapon {unknown}
 g - a scroll of enchant armour {unknown}
Potions
 f - a potion of heal wounds {unknown}
Books
 b - a book of Necromancy

   Spells                             Type                      Level
   a - Pain                           Necromancy                   1
   b - Animate Skeleton               Necromancy                   1
   c - Vampiric Draining              Necromancy                   3
   d - Regeneration                   Charms/Necromancy            3
   e - Animate Dead                   Necromancy                   4
   f - Control Undead                 Necromancy                   4
Comestibles
 c - a bread ration
 d - a meat ration


   Skills:
 - Level 2.1 Dodging
 - Level 2.4 Stealth
 + Level 2.5 Spellcasting
 + Level 4.8 Necromancy


You had 3 spell levels left.
You knew the following spells:

 Your Spells              Type           Power        Failure   Level  Hunger
a - Pain                  Necr           ###.         2%          1    #......
v - Vampiric Draining     Necr           ###.......   8%          3    ###....


Dungeon Overview and Level Annotations

Branches:
Dungeon (3/15)

Altars:
Dithmenos
Zin

Annotations:
Sewer Purgy


Innate Abilities, Weirdness & Mutations

You are resistant to damage.
You can heal yourself by infusing magical energy.
You passively map a small area around you.
You do not regenerate.


Message History

Purgy is nearby!
Purgy is nearby!
Purgy is nearby!
Casting: Pain
Confirm with . or Enter, or press ? or * to list all spells.
Aiming: Vampiric Draining
Press: ? - help, Shift-Dir - straight line, f - Purgy
Aim: Purgy Purgy is moderately wounded.
You feel life coursing into your body.
Casting: Vampiric Draining
Confirm with . or Enter, or press ? or * to list all spells.
Aiming: Vampiric Draining
Press: ? - help, Shift-Dir - straight line, f/p - Purgy
Aim: Purgy (moderately wounded) Purgy is heavily wounded.
You feel life coursing into your body. Purgy bites you!
* * * LOW HITPOINT WARNING * * *
Purgy claws you but does no damage. Purgy barely misses you.
Are you sure you want to abandon this character and quit the game? (Confirm with "yes".)

,≈ #.≈≈≈.#
,+.≈≈≈.+ *
#.≈≈≈.#
#.≈≈≈.#* ,
+.≈≈≈.+ *
#.≈≈≈.#
####.≈≈≈.####
#∩....∩.@T.?#
####.≈≈≈.####
#.≈≈≈.# * *
+.≈≈≈.+ *
#.≈≈≈.# * *
#.≈≈≈.#* *,
+.≈≈≈.+ *
#.≈≈≈.# * ,


You could see Purgy.

Vanquished Creatures
  A dart slug (D:3)
  4 leopard geckos
  5 giant cockroaches (D:3)
  3 goblins (D:1)
  2 jackals (D:3)
  A kobold (D:3)
  2 frilled lizards (D:2)
  2 rats
20 creatures vanquished.

Notes
Turn   | Place    | Note
-------+----------+-------------------------------------------
     0 | D:1      | letownia2 the Deep Dwarf Necromancer began the quest for the Orb.
     0 | D:1      | Reached XP level 1. HP: 15/15 MP: 3/3
   200 | D:2      | Reached XP level 2. HP: 20/22 MP: 3/5
   240 | D:3      | Found a shadowy altar of Dithmenos.
   252 | D:3      | Noticed an ogre
   316 | D:3      | Found a glowing silver altar of Zin.
   415 | D:3      | Found a glowing drain.
   467 | D:3      | Reached XP level 3. HP: 3/28 MP: 0/6
   472 | D:3      | Learned a level 3 spell: Vampiric Draining
   517 | Sewer    | Entered a sewer
   521 | Sewer    | Noticed Purgy
   524 | Sewer    | Quit the game

Skill      XL: |  1 |
---------------+----+-----
Spellcasting   | 2 |  2.5
Dodging        | |  2.1
Stealth        | |  2.4
Necromancy     | |  4.8

Action                   || total
-------------------------++-------
Melee: Unarmed           ||    41
Throw: Javelin           ||     2
 Cast: Pain              ||    32
       Vampiric Draining ||     2
Armor: Robe              ||    22
Dodge: Dodged            ||    79
